 Dungeon Crawl Stone Soup version bcrawl-1.19.1 (webtiles) character file.

Game seed: 5626275722997086497

11365 tognito the Severer (level 11, 0/123 HPs)
             Began as a Minotaur Berserker on Nov 23, 2019.
             Was a High Priest of Trog.
             Succumbed to a meliai's poison
             ... on level 10 of the Dungeon.
             The game lasted 00:28:07 (10569 turns).

tognito the Severer (Minotaur Berserker)           Turns: 10569, Time: 00:28:08

Health: 0/123      AC: 19    Str: 29    XL:     11   Next: 48%
Magic:  10/10      EV:  8    Int:  7    God:    Trog [*****.]
Gold:   622        SH:  0    Dex:  9    Spells: 10/10 levels left

rFire    + . .     SeeInvis .   a - +4 battleaxe (freeze)
rCold    . . .     Gourm    .   (shield currently unavailable)
rNeg     . . .     Faith    +   y - +1 plate armour {rF+}
rPois    .         Spirit   .   o - +1 hat {Int+3}
rElec    .         Reflect  .   j - +0 cloak
rCorr    .         Harm     .   C - +0 pair of gloves
MR       .....                  (no boots)
Stlth    ..........             t - amulet of faith
HPRegen  0.30/turn              l - +2 ring of protection
MPRegen  0.12/turn              (no ring)

@: berserking, lethally poisoned (0 -> -10), very quick
A: retaliatory headbutt, horns 2, iridescent scales 1, clumsy 1
a: Berserk, Trog's Hand, Brothers in Arms, Renounce Religion


You were on level 10 of the Dungeon.
You worshipped Trog.
Trog was extremely pleased with you.
You were not hungry.

You visited 1 branch of the dungeon, and saw 10 of its levels.

You collected 830 gold pieces.
You spent 208 gold pieces at shops.

Inventory:

Hand Weapons
 a - a +4 battleaxe of freezing (weapon)
 b - a +1 shortbow of velocity
Missiles
 e - 1045 arrows
 i - 361 bolts
 A - 2 throwing nets (quivered) {!f}
Armour
 j - a +0 cloak (worn)
 o - a +1 hat of intelligence (worn)
 y - a +1 plate armour of fire resistance (worn)
 C - a +0 pair of gloves (worn)
Jewellery
 l - a +2 ring of protection (left hand)
 t - an amulet of faith (around neck)
Wands
 d - a wand of polymorph (15)
 k - a wand of digging (13)
 w - a wand of flame (21)
 x - a wand of random effects (17)
Scrolls
 f - 3 scrolls of blinking
 h - 6 scrolls of identify
 p - 6 scrolls of teleportation
 r - 4 scrolls of remove curse
 s - 3 scrolls of fog
 u - a scroll of fear
 v - a scroll of magic mapping
Potions
 m - 5 potions of curing
 n - a potion of invisibility
 q - a potion of heal wounds
 z - 2 potions of agility
 B - a potion of magic
Comestibles
 c - 13 rations {!d}
 g - 2 chunks of flesh


   Skills:
 - Level 3.6 Fighting
 * Level 19.9 Axes
 - Level 2.4 Armour
 - Level 2.1 Dodging


You had 10 spell levels left.
You didn't know any spells.
Your spell library was empty.

Dungeon Overview and Level Annotations

Branches:
Dungeon (10/12)            Temple (0/1) D:7            Lair (0/6) D:9
    Orc: D:8-11

Altars:
Ashenzari
Elyvilon
Fedhas
Hepliaklqana
Kikubaaqudgha
Lugonu
Okawaru
Qazlal
Ru
Sif Muna
Trog
Wu Jian
Xom
Yredelemnul
Zin
The Shining One

Shops:
D:5 !   D:6 [   D:7 :   D:8 %


Innate Abilities, Weirdness & Mutations

You reflexively headbutt those who attack you in melee.
You have a pair of horns on your head.
You are partially covered in iridescent scales. (AC +2)
You are clumsy. (Dex -2)


Message History

The meliai barely misses you.
* * * LOW HITPOINT WARNING * * *
You feel sick. The meliai hits you but does no damage.
The meliai barely misses you.
An orc wizard comes into view. It is wielding a +0 dagger.
Things that are here:
a +0 war axe; a +0 robe You closely miss the orc wizard.
Your headbutt misses the orc wizard.
The orc wizard is heavily wounded.
You slash the orc warrior! You freeze the orc warrior.
Your plate armour prevents you from hitting the meliai.
* * * LOW HITPOINT WARNING * * *
You feel sick. The orc wizard barely misses you. You furiously retaliate!
You headbutt the orc wizard!
You kill the orc wizard!
Trog accepts your kill.
Trog appreciates your killing of a magic user.
The meliai hits you but does no damage. The meliai barely misses you.
An orc comes into view. It is wielding a +0 club.
You die...

##########.........
#.####### #.#
##############.######
......................
.>....................
####...#############.
#yy)# #.o@# #.oo#
#...# #...# #)..#
....o ...... #.....o


You could see an orc warrior, 2 meliai, 2 orc wizards and 2 orcs.

Vanquished Creatures
  Erolcha (D:9)
  Harold (D:9)
  A centaur warrior (D:8)
  Nergalle (D:9)
  Pikel (D:6)
  An ugly thing (D:9)
  Joseph (D:9)
  A meliai (D:10)
  4 hippogriffs
  Prince Ribbit (D:6)
  4 yaks (D:10)
  A hungry ghost (D:7)
  Grum (D:10)
  3 orc warriors
  3 ice beasts
  2 phantoms
  4 sky beasts
  A black bear (D:6)
  5 ogres
  3 wolves (D:10)
  2 centaurs (D:6)
  2 big kobolds
  Blork the orc (D:6)
  A bullfrog (D:7)
  2 scorpions
  12 killer bees
  3 wights (D:8)
  7 crimson imps
  A quasit (D:7)
  5 hounds
  12 orc wizards
  Crazy Yiuf (D:2)
  A bullfrog zombie (D:7)
  2 centaur skeletons
  2 bullfrog skeletons
  3 jellies
  10 orc priests
  Jessica (D:2)
  3 iguanas
  10 worker ants
  3 hound skeletons
  A howler monkey zombie (D:6)
  3 worker ant zombies
  14 adders
  4 gnolls (D:4)
  A shadow imp (D:6)
  2 oozes
  5 worms
  2 adder skeletons
  An adder zombie (D:5)
  6 leopard geckos
  25 orcs
  3 ball pythons
  5 bats
  6 giant cockroaches
  10 goblins
  13 hobgoblins
  10 jackals
  4 quokkas
  6 frilled lizards
  13 kobolds
  10 rats
  A bush (D:2)
  A plant (D:2)
270 creatures vanquished.

Vanquished Creatures (collateral kills)
  A manticore (D:7)
  An ogre (D:7)
  5 killer bees (D:9)
  2 crimson imps (D:7)
9 creatures vanquished.

Vanquished Creatures (others)
  2 slaves (D:6)
  A quasit (D:6)
  An iguana (D:6)
  An orc wizard (D:6)
  A quokka (D:6)
6 creatures vanquished.

Grand Total: 285 creatures vanquished

Notes
Turn   | Place    | Note
-------+----------+-------------------------------------------
     0 | D:1      | tognito the Minotaur Berserker began the quest for the Orb.
     0 | D:1      | Reached XP level 1. HP: 19/19 MP: 0/0
    56 | D:1      | Reached skill level 4 in Axes
   151 | D:1      | Reached XP level 2. HP: 26/26 MP: 1/1
   253 | D:1      | Reached skill level 5 in Axes
   314 | D:1      | Reached XP level 3. HP: 31/31 MP: 2/2
   366 | D:1      | Reached ** piety under Trog
   918 | D:2      | Found a glowing golden altar of the Shining One.
  1236 | D:2      | Reached skill level 6 in Axes
  1236 | D:2      | Reached XP level 4. HP: 22/39 MP: 3/3
  1428 | D:2      | Found a runed door.
  1432 | D:2      | Noticed Crazy Yiuf
  1437 | D:2      | Killed Crazy Yiuf
  1965 | D:2      | Noticed Jessica
  1970 | D:2      | Killed Jessica
  1970 | D:2      | Reached skill level 7 in Axes
  1970 | D:2      | Reached XP level 5. HP: 43/45 MP: 4/4
  2309 | D:3      | Found a bloodstained altar of Trog.
  2399 | D:3      | Found an ornate altar of the Wu Jian Council.
  2453 | D:3      | Reached skill level 8 in Axes
  2459 | D:3      | Reached XP level 6. HP: 19/51 MP: 5/5
  2460 | D:3      | Found a shimmering blue altar of Sif Muna.
  2896 | D:3      | Found a basalt altar of Yredelemnul.
  2901 | D:3      | Found a glowing silver altar of Zin.
  2960 | D:3      | Found a stormy altar of Qazlal.
  3026 | D:4      | Reached skill level 9 in Axes
  3165 | D:4      | Reached *** piety under Trog
  3165 | D:4      | Reached XP level 7. HP: 52/57 MP: 6/6
  3317 | D:4      | Reached skill level 10 in Axes
  3596 | D:4      | Found a hazy altar of Hepliaklqana.
  3697 | D:5      | Entered Level 5 of the Dungeon
  3704 | D:5      | Found Bagaqud's Distillery.
  3743 | D:5      | Reached skill level 11 in Axes
  3798 | D:5      | Reached XP level 8. HP: 64/64 MP: 7/7
  4078 | D:5      | Reached skill level 12 in Axes
  4121 | D:5      | Got a faintly humming leather armour
  4442 | D:5      | Found a white marble altar of Elyvilon.
  4612 | D:6      | Found Obieshaf's Armour Emporium.
  4628 | D:6      | Bought a +1 hat of intelligence for 208 gold pieces
  4812 | D:6      | Noticed Pikel
  4884 | D:6      | Paralysed by Pikel for 4 turns
  4892 | D:6      | Paralysed by Pikel for 2 turns
  4897 | D:6      | Killed Pikel
  4897 | D:6      | Reached **** piety under Trog
  4897 | D:6      | Reached skill level 13 in Axes
  4995 | D:6      | Reached XP level 9. HP: 42/70 MP: 8/8
  5147 | D:6      | Reached skill level 14 in Axes
  5254 | D:6      | Gained mutation: You are clumsy. (Dex -2) [potion of
                  | mutation]
  5254 | D:6      | Gained mutation: You are partially covered in iridescent
                  | scales. (AC +2) [potion of mutation]
  5281 | D:6      | Identified the +1 leather armour of Enaxogoc {rF+ rC++ rN+
                  | Str+3} (You found it on level 5 of the Dungeon)
  5481 | D:6      | Noticed Prince Ribbit
  5501 | D:6      | Killed Prince Ribbit
  5616 | D:6      | Noticed Blork the orc
  5629 | D:6      | Killed Blork the orc
  5629 | D:6      | Reached skill level 15 in Axes
  5946 | D:7      | Noticed a manticore
  5954 | D:7      | Killed a manticore
  6148 | D:7      | Found a staircase to the Ecumenical Temple.
  6208 | D:7      | Reached skill level 16 in Axes
  6516 | D:7      | Found Keofec's Book Shoppe.
  6595 | D:7      | Reached XP level 10. HP: 77/77 MP: 9/9
  6697 | D:7      | Found a corrupted altar of Lugonu.
  7160 | D:8      | Found Birchiah's Food Emporium.
  7568 | D:8      | Reached skill level 17 in Axes
  7575 | D:8      | Found a sacrificial altar of Ru.
  7594 | D:8      | Reached ***** piety under Trog
  7883 | D:8      | Found a blossoming altar of Fedhas.
  7937 | D:8      | Noticed a centaur warrior
  7949 | D:8      | Killed a centaur warrior
  8458 | D:9      | Noticed Nergalle
  8468 | D:9      | Killed Nergalle
  8468 | D:9      | Reached skill level 18 in Axes
  8742 | D:9      | Found a staircase to the Lair.
  8770 | D:9      | Found a shattered altar of Ashenzari.
  8831 | D:9      | Noticed Erolcha
  8846 | D:9      | Killed Erolcha
  8846 | D:9      | Received a gift from Trog
  9073 | D:9      | Reached XP level 11. HP: 82/82 MP: 10/10
  9204 | D:9      | Noticed a purple ugly thing
  9224 | D:9      | Killed a purple ugly thing
  9224 | D:9      | Reached skill level 19 in Axes
  9515 | D:9      | Noticed Harold
  9624 | D:9      | Found a shimmering altar of Xom.
  9624 | D:9      | Found a shattered altar of Ashenzari.
  9624 | D:9      | Found an ancient bone altar of Kikubaaqudgha.
  9624 | D:9      | Found an iron altar of Okawaru.
  9712 | D:9      | Noticed Joseph
  9728 | D:9      | Killed Joseph
  9991 | D:9      | Killed Harold
 10294 | D:10     | Entered Level 10 of the Dungeon
 10425 | D:10     | Noticed Grum
 10432 | D:10     | Killed Grum
 10565 | D:10     | HP: 4/123 [meliai/+0 hand axe (7)]
 10568 | D:10     | HP: 1/123 [poisoned by a meliai]
 10569 | D:10     | Succumbed to a meliai's poison

Skill      XL: |  1  2  3  4  5  6  7  8  9 10 11 |
---------------+----------------------------------+-----
Axes           | 4 5 6 7 8 9 11 13 16 18 19 | 19.9
Fighting       | |  3.6
Armour         | |  2.4
Dodging        | |  2.1

Action                   |  1- 3 |  4- 6 |  7- 9 | 10-12 || total
-------------------------+-------+-------+-------+-------++-------
Melee: Hand axe          |    90 |   122 |    16 |       ||   228
       Headbutt          |    13 |    41 |    48 |    33 ||   135
       War axe           |       |    30 |   257 |   158 ||   445
       Battleaxe         |       |       |       |   108 ||   108
 Fire: Shortbow          |       |       |    25 |    84 ||   109
Throw: Javelin           |     2 |    26 |       |       ||    28
Invok: Berserk           |       |     1 |     1 |     3 ||     5
       Brothers in Arms  |       |       |     1 |     1 ||     2
       Trog's Hand       |       |       |       |     1 ||     1
Evoke: Wand              |       |       |       |     2 ||     2
  Use: Potion            |     3 |     1 |     6 |     2 ||    12
       Scroll            |       |       |     8 |     1 ||     9
  Eat: Chunk             |     1 |     7 |    12 |    18 ||    38
Armor: Ring mail         |    12 |       |       |       ||    12
       Animal skin       |     2 |       |       |       ||     2
       Scale mail        |    25 |    22 |       |       ||    47
       Chain mail        |       |    30 |     8 |       ||    38
       Plate armour      |       |       |   225 |   195 ||   420
Dodge: Dodged            |    45 |    60 |    96 |   109 ||   310
